 Dungeon Crawl Stone Soup version 0.19-a0-1815-g4007336 (webtiles) character file.

8229 junb69 the Grappler (level 11, -1/102 HPs)
             Began as a Ghoul Monk on Oct 5, 2016.
             Was a High Priest of Okawaru.
             Impaled on a porcupine's spines (14 damage)
             ... on level 3 of the Lair of Beasts.
             The game lasted 00:20:52 (9460 turns).

junb69 the Grappler (Ghoul Monk)                    Turns: 9460, Time: 00:20:52

Health: -1/102     AC: 17    Str: 17    XL:     11   Next: 27%
Magic:  8/10       EV: 12    Int:  5    God:    Okawaru [*****.]
Gold:   537        SH:  5    Dex: 13    Spells: 0 memorised, 10 levels left

rFire  + . .     SeeInvis +       - Unarmed
rCold  + . .     Gourm    .     z - +0 chain mail
rNeg   + + +     Faith    +     r - +0 buckler (curse)
rPois  ∞         Spirit   .     D - +2 hat {SInv}
rElec  .         Dismiss  .     k - +2 cloak
rCorr  .         Reflect  .     (no gloves)
MR     .....     Harm     .     (no boots)
Stlth  +.........               x - amulet of faith
                                K - ring of stealth
                                F - ring of protection from fire

@: heroism, rotting
A: rotting body, claws 1, carnivore 3, cold resistance 1, negative energy
resistance 3, slow regeneration 1, torment resistance, unbreathing
a: Heroism, Finesse, Renounce Religion


You were on level 3 of the Lair of Beasts.
You worshipped Okawaru.
Okawaru was extremely pleased with you.
You were not hungry.

You visited 2 branches of the dungeon, and saw 11 of its levels.

You collected 537 gold pieces.

Inventory:

Missiles
 y - 3 javelins of penetration (quivered)
Armour
 k - a +2 cloak (worn)
 r - a cursed +0 buckler (worn)
 z - a +0 chain mail (worn)
 D - a +2 hat of see invisible (worn)
Jewellery
 x - an amulet of faith (around neck)
 F - a ring of protection from fire (left claw)
 I - a +3 amulet of reflection {unknown}
 J - an uncursed ring of stealth
 K - a ring of stealth (right claw)
Wands
 a - a wand of heal wounds (2/9)
 i - a wand of iceblast (0/15)
Scrolls
 c - a scroll of teleportation
 e - 2 scrolls of random uselessness {unknown}
 f - 3 scrolls of magic mapping
 g - a scroll of fear {unknown}
 h - 2 scrolls of immolation {unknown}
 j - a scroll of fog {unknown}
 l - 6 scrolls of remove curse
 m - 3 scrolls of enchant weapon {unknown}
 u - a scroll of recharging {unknown}
 A - 3 scrolls of enchant armour
 E - a scroll of silence {unknown}
Potions
 o - 3 potions of heal wounds {unknown}
 s - a potion of flight {unknown}
 t - a potion of brilliance {unknown}
 v - 4 potions of cure mutation {unknown}
 w - 4 potions of curing
 B - 2 potions of invisibility {unknown}
 C - a potion of cancellation {unknown}
 H - a potion of lignification {unknown}
Books
 q - a book of Frost

   Spells                             Type                      Level
   a - Freeze                         Ice                          1
   b - Throw Frost                    Conjuration/Ice              2
   c - Ozocubu's Armour               Charms/Ice                   3
   d - Throw Icicle                   Conjuration/Ice              4
   e - Summon Ice Beast               Ice/Summoning                4
 G - a book of Necromancy

   Spells                             Type                      Level
   a - Pain                           Necromancy                   1
   b - Animate Skeleton               Necromancy                   1
   c - Vampiric Draining              Necromancy                   3
   d - Regeneration                   Charms/Necromancy            3
   e - Animate Dead                   Necromancy                   4
   f - Control Undead                 Necromancy                   4
Comestibles
 b - 6 meat rations
 d - 2 royal jellies
 n - 3 slices of pizza
 p - 4 beef jerkies
 L - a chunk of flesh


   Skills:
 - Level 11.3(16.3) Fighting
 * Level 5.9(10.9) Armour
 - Level 6.3(11.3) Dodging
 - Level 2.1(7.1) Stealth
 * Level 2.0(7.0) Shields
 - Level 11.4(16.4) Unarmed Combat


You had 10 spell levels left.
You didn't know any spells.

Dungeon Overview and Level Annotations

Branches:
Dungeon (8/15)             Temple (0/1) D:5            Lair (3/6) D:8
  Swamp (0/4) Lair:3
  Snake: Lair:2-4    Spider: Lair:2-4

Altars:
Ashenzari
Fedhas
Kikubaaqudgha
Okawaru
Ru
Trog
Xom
Yredelemnul
The Shining One

Shops:
D:4 (


Innate Abilities, Weirdness & Mutations

Your body is rotting away.
You thrive on raw meat.
You are immune to poison.
You have sharp fingernails.
You are carnivorous and can eat meat at any time.
Your flesh is cold resistant. (rC+)
You are immune to negative energy. (rN+++)
You regenerate slowly when monsters are visible.
You are immune to unholy pain and torment.
You can survive without breathing.


Message History

The tyrant leech is almost dead.
The tyrant leech bites you!
* * * LOW HITPOINT WARNING * * *
You mangle the tyrant leech!!
You kill the tyrant leech!
Okawaru accepts your kill.
Your base Shields skill increases to level 2!
The porcupine bites you but does no damage.
The porcupine barely misses you.
The porcupine bites you but does no damage.
You are struck by the porcupine's spines.
* * * LOW HITPOINT WARNING * * *
You claw the porcupine!
The porcupine is almost dead.
You closely miss the porcupine.
The porcupine is almost dead.
The porcupine bites you.
* * * LOW HITPOINT WARNING * * *
You are struck by the porcupine's spines.
You die...

##...........P##
..
#..............#
..
##.............#
..
#..>...........#
..
###...........##
.. #..........##
.. .....#.÷.####
.. ....##....#.#
.......r@#.#.##
.......#......#
##..............
###..........P.
#..........PP
##..........#
#........###
#.......#.
#w....#####


You could see a porcupine.

Vanquished Creatures
  Gastronok (D:8)
  2 spiny frogs
  A rime drake (Lair:1)
  A komodo dragon (Lair:1)
  Grinder (D:3)
  3 blink frogs (Lair:2)
  3 tyrant leeches (Lair:3)
  Menkaure (D:4)
  2 water moccasins
  2 porcupines (Lair:2)
  An orc warrior (D:7)
  2 hell hounds (D:8)
  An ice beast (D:5)
  2 sky beasts
  A black bear (D:7)
  A necrophage (D:8)
  2 ogres
  2 centaurs
  3 crocodiles
  Blork the orc (D:4)
  3 big kobolds
  6 bullfrogs
  2 scorpions
  11 killer bees (D:8)
  A crimson imp (D:5)
  A jelly (D:5)
  2 hounds
  5 orc wizards
  4 orc priests
  4 iguanas
  Natasha (twice) (D:4)
  2 worker ants (D:8)
  Terence (D:3)
  A hound zombie (D:6)
  4 howler monkey zombies
  Robin (D:3)
  10 adders
  20 river rats (Lair:2)
  A shadow imp (D:8)
  An adder zombie (D:6)
  3 worms
  6 dart slugs
  3 leopard geckos
  24 orcs
  3 ball pythons
  6 giant cockroaches
  22 goblins
  7 hobgoblins
  3 jackals (D:4)
  17 kobolds
  4 quokkas
  5 bats
  4 frilled lizards
  2 leopard gecko skeletons
  3 quokka zombies
  11 rats
238 creatures vanquished.

Vanquished Creatures (others)
  A fungus (Lair:3)
  A plant (Lair:3)
2 creatures vanquished.

Grand Total: 240 creatures vanquished

Notes
Turn   | Place    | Note
-------+----------+-------------------------------------------
     0 | D:1      | junb69 the Ghoul Monk began the quest for the Orb.
     0 | D:1      | Reached XP level 1. HP: 19/19 MP: 0/0
   125 | D:1      | Reached XP level 2. HP: 26/26 MP: 1/1
   406 | D:1      | Reached XP level 3. HP: 32/33 MP: 2/2
   996 | D:2      | Reached XP level 4. HP: 40/41 MP: 3/3
  1478 | D:2      | Found a shimmering altar of Xom.
  1482 | D:2      | Found a blossoming altar of Fedhas.
  1485 | D:2      | Found a basalt altar of Yredelemnul.
  1486 | D:2      | Found an ancient bone altar of Kikubaaqudgha.
  1556 | D:3      | Found an iron altar of Okawaru.
  1574 | D:3      | Noticed Grinder
  1575 | D:3      | Paralysed by Grinder for 5 turns
  1622 | D:3      | Reached XP level 5. HP: 30/47 MP: 4/4
  1763 | D:3      | Reached skill level 5 in Unarmed Combat
  1809 | D:3      | Became a worshipper of Warmaster Okawaru
  1809 | D:3      | Reached * piety under Okawaru
  1809 | D:3      | Reached ** piety under Okawaru
  1817 | D:3      | Noticed Robin
  1831 | D:3      | Killed Robin
  1831 | D:3      | Reached skill level 5 in Fighting
  1842 | D:3      | Paralysed by Grinder for 2 turns
  1849 | D:3      | Killed Grinder
  1849 | D:3      | Reached XP level 6. HP: 18/57 MP: 2/5
  2158 | D:3      | Noticed Terence
  2174 | D:3      | Killed Terence
  2630 | D:4      | Noticed Menkaure
  2645 | D:4      | Killed Menkaure
  2645 | D:4      | Reached XP level 7. HP: 48/64 MP: 6/6
  2764 | D:4      | Found a sacrificial altar of Ru.
  2803 | D:4      | Found Usat Abe's Weapon Emporium.
  2852 | D:4      | Noticed Natasha
  2859 | D:4      | Killed Natasha
  2945 | D:4      | Reached *** piety under Okawaru
  2980 | D:4      | Noticed Blork the orc
  2987 | D:4      | Killed Blork the orc
  3244 | D:4      | Noticed Natasha
  3252 | D:4      | Killed Natasha
  3312 | D:5      | Entered Level 5 of the Dungeon
  3455 | D:5      | Received a gift from Okawaru
  3509 | D:5      | Reached XP level 8. HP: 66/73 MP: 7/7
  3545 | D:5      | Found a staircase to the Ecumenical Temple.
  3582 | D:5      | Found a shattered altar of Ashenzari.
  3787 | D:5      | Found a bloodstained altar of Trog.
  4266 | D:6      | Found a glowing golden altar of the Shining One.
  5003 | D:7      | Reached **** piety under Okawaru
  5190 | D:7      | Reached XP level 9. HP: 75/83 MP: 8/8
  5592 | D:8      | Found a staircase to the Lair.
  5682 | D:8      | Reached ***** piety under Okawaru
  5949 | D:8      | Received a gift from Okawaru
  5968 | D:8      | Reached skill level 10 in Unarmed Combat
  5969 | D:8      | Noticed Gastronok
  5971 | D:8      | Reached skill level 10 in Fighting
  5982 | D:8      | Killed Gastronok
  5982 | D:8      | Received a gift from Okawaru
  5982 | D:8      | Reached XP level 10. HP: 44/96 MP: 6/9
  6298 | D:8      | Reached skill level 1 in Armour
  6882 | Lair:1   | Entered Level 1 of the Lair of Beasts
  7245 | Lair:1   | Noticed a spiny frog
  7254 | Lair:1   | Killed a spiny frog
  7373 | Lair:1   | Reached skill level 5 in Dodging
  7864 | Lair:2   | Noticed a spiny frog
  7875 | Lair:2   | Killed a spiny frog
  8039 | Lair:2   | Received a gift from Okawaru
  8039 | Lair:2   | Reached XP level 11. HP: 55/102 MP: 7/10
  8046 | Lair:2   | Reached skill level 5 in Armour
  9080 | Lair:3   | Noticed a seven-headed hydra
  9165 | Lair:3   | Noticed a six-headed hydra
  9242 | Lair:3   | Found a staircase to the Swamp.
  9268 | Lair:3   | Reached skill level 1 in Shields
  9460 | Lair:3   | Impaled on a porcupine's spines

Vault maps used:
D:1:      dpeg_arrival_long_road
D:2:      minmay_wonky_spiral, minitemple
D:3:      nrook_mini_backslash, okawaru_trees_2, uniq_robin, uniq_grinder,
          uniq_terence
D:4:      serial_shops, shop, nicolae_ru_sacrificial_ziggurat, uniq_menkaure,
          uniq_natasha, uniq_blork_the_orc
D:5:      evilmike_ruin_ashenzari, first_bread, trog_book
D:6:      tso_metal_star
D:7:      kennysheep_six_static_rooms
D:8:      minmay_lair_entry_lava, uniq_gastronok
Lair:2:   grunt_megastairs_2, lemuel_fruit_tree
Lair:3:   minmay_swamp_entry_worms, nicolae_spider_entry_tight_spaces

Skill      XL: |  1  2  3  4  5  6  7  8  9 10 11 |
---------------+----------------------------------+-----
Fighting       | 4 5 6 7 9 11 | 11.3
Unarmed Combat | 4 6 7 9 11 | 11.4
Armour         | 4 5 |  5.9
Dodging        | 5 6 |  6.3
Shields        | 2 |  2.0
Stealth        | |  2.1

Action                   |  1- 3 |  4- 6 |  7- 9 | 10-12 || total
-------------------------+-------+-------+-------+-------++-------
Melee: Unarmed           |    82 |   171 |   330 |   367 ||   950
       Punch             |     1 |     6 |       |       ||     7
Throw: Javelin           |       |       |       |     2 ||     2
Invok: Heroism           |       |     2 |     3 |     6 ||    11
Evoke: Wand              |       |       |       |     4 ||     4
  Use: Scroll            |       |     3 |     3 |     2 ||     8
       Potion            |       |     1 |       |       ||     1
 Stab: Sleeping          |     3 |     3 |       |       ||     6
  Eat: Chunk             |    12 |    21 |    24 |    22 ||    79
Armor: Robe              |    13 |     9 |       |       ||    22
       Leather armour    |       |    14 |       |       ||    14
       Scale mail        |       |    15 |   137 |    43 ||   195
       Chain mail        |       |       |       |    70 ||    70
Dodge: Dodged            |    42 |    82 |   137 |   127 ||   388
Block: Buckler           |       |     2 |    54 |    49 ||   105
